AoeStats
← swippy

African Clearing

510403184Analyzed
4v4 RM · 1d ago on Sep 30, 2026· 32m 34s· 8 players
Game mode
Random Map
Map size
Large (8 player)
Population
200
Speed
Normal
Resources
Standard
Victory
Conquest
Starting age
Dark Age
Ending age
Imperial Age
RankedLock teamsTeams togetherTeam positionsShared explorationLock speedFull tech treeHidden civsTurbo modeCheats
Victory
Defeat
🇨🇴 Mongols · Colombia
1120
+11
🇨🇴 Muisca · Colombia
1092
+12
🇦🇷 Vietnamese · Argentina
1072
+13
🇨🇴 Burmese · Colombia
1046
+14
🇫🇮 Britons · Finland
1044
-14
🇫🇷 Varangians · France
1007
-13
🇳🇱 Teutons · Netherlands
996
-12
🇬🇧 Bulgarians · United Kingdom
961
-11
ISpillTheCoffee
13:40 Loom
16:01 Feudal Age
22:47 Town Watch
23:50 Horse Collar
26:21 Castle Age
25:36 Forging
25:36 Gold Mining
Anne d'autriche
18:27 Feudal Age
18:59 Fishing Lines
19:17 Double-Bit Axe
21:55 Castle Age
19:42 Loom
20:44 Scale Barding Armor
20:50 Forging
20:54 Bloodlines
21:40 Gold Mining
22:48 Husbandry
23:37 Chain Barding Armor
25:45 Iron Casting
28:11 Wheelbarrow
29:02 Stone Mining
taisho84
swippy
CC182
7:56 Loom
8:33 Loom
19:03 Feudal Age
19:12 Champi Runner
19:48 Town Watch
21:25 Scale Mail Armor
21:36 Forging
26:19 Castle Age
27:33 Chain Mail Armor
26:40 Champi Warrior
27:23 Squires
27:18 Horse Collar
30:16 Iron Casting
DCB
3:48 Loom
6:48 Loom
14:37 Feudal Age
17:22 Scale Barding Armor
17:30 Forging
18:52 Bloodlines
23:09 Castle Age
23:11 Light Cavalry
23:53 Husbandry
24:16 Chain Barding Armor
28:02 Wheelbarrow
30:39 Iron Casting
briantorresr25
3:37 Loom
12:47 Feudal Age
18:15 Castle Age
Cheblin
Connection lost

Rejoining the realm…

Still unreachable

The connection could not be restored.

Session expired

The server has moved on; the page needs a fresh start.